[Event "13th Chennai Open 2022"]
[Site "Chennai"]
[Date "2022.06.23"]
[Round "7.18"]
[White "Priyankara, Chamil"]
[Black "Hirthickkesh PR"]
[Result "1-0"]
[ECO "A45"]
[WhiteElo "1938"]
[BlackElo "2232"]
[Annotator "TA"]
[PlyCount "118"]
[EventDate "2022.06.19"]
[EventType "swiss"]
[EventCountry "IND"]
[SourceTitle "playchess.com"]
[Source "ChessBase"]
[SourceQuality "1"]
[TimeControl "5400+30"]

1. d4 Nf6 2. Bf4 g6 3. Nc3 d5 4. e3 c6 5. h4 Bg7 6. Be2 {[%emt 0:00:58][%cal Bf1e2,Be2d1,Bd1a4][%mdl 32] A45: Trompowsky Attack.} h6 7. g4 {[%emt 0:15:06] [#]} Qa5 $146 ({Predecessor:} 7... Nbd7 8. a4 a5 9. Nh3 Qb6 10. Ra3 Ne4 11. Rb3 Qd8 12. Nxe4 dxe4 13. Bg3 e5 {1-0 (36) Bortnyk,O (2598)-Vastrukhin,O (2401) Chess.com INT 2020}) 8. Rb1 {[%emt 0:08:29] The position is equal.} Ne4 (8... c5 $15) 9. b4 $11 Nxc3 10. bxa5 Nxd1 11. Bxd1 Nd7 12. Nf3 {[%emt 0:00:33] Inhibits e5.} f6 (12... b6 $11) 13. h5 g5 14. Bh2 e5 15. c3 b6 16. Ba4 b5 17. Bc2 O-O 18. Bf5 Re8 19. O-O Nf8 20. Rb2 Bxf5 21. gxf5 Nd7 22. Rd1 a6 23. Ne1 Bf8 24. Nd3 c5 25. dxc5 Rac8 26. Nb4 Nxc5 {[%emt 0:00:05] aiming for ...Na4.} 27. Nxd5 Kf7 28. f3 Na4 29. Rc2 Red8 {[%emt 0:00:07][%cal Oa4c3] next ...Nxc3! is good for Black.} 30. e4 $2 {[%emt 0:06:01] [#]} (30. c4 $11 {and White is okay.}) 30... Nxc3 $1 $19 31. Rxc3 Rxd5 $1 {[%emt 0:00:09][%mdl 64] Remove Defender} 32. Rxd5 (32. Rxc8 $17 Rxd1+ 33. Kg2) 32... Rxc3 {[%emt 0:00:07][%mdl 4096] Endgame KRB-KRB} 33. Rd7+ Ke8 34. Rb7 Ra3 ({Worse is} 34... Rxf3 35. Rb8+ Kf7 36. Rb7+ Kg8 37. Rb8 $17) (34... Bc5+ $142 35. Kh1 Rc1+ 36. Kg2 Rc2+ 37. Kh3 Rxa2 38. Rb8+ Kd7) 35. Bg3 Bc5+ $2 ({Weaker is} 35... Rxf3 36. Bf2 $11) ({And not} 35... Rxa5 36. Rb8+ Kf7 37. Rb7+ Kg8 38. Bf2 $15) (35... Rxa2 $19 36. Rb8+ Kf7 37. Rb7+ Kg8) 36. Kg2 $2 (36. Bf2 $11 Bd4 37. Bxd4 exd4 38. Rb6) 36... Rxa2+ 37. Kh3 Rxa5 38. Be1 {[%emt 0:01:25] Prevents b4.} Ra4 39. Rb8+ Kf7 40. Rb7+ Be7 41. Bf2 Rc4 {[%emt 0:00:09] Inhibits Bc5.} 42. Ra7 Rc6 {[%emt 0:00:13] Inhibits Bb6.} (42... b4 $19 {and Black stays clearly on top. Hoping for ...b3.} 43. Be1 a5 44. Rxa5 Rc1) 43. Be1 $17 {[%emt 0:00:03] Bb4 is the strong threat.} Ke8 44. Ba5 {[%emt 0:00:01] Black continues to play with concentration.} (44. Ra8+ $142 Kd7 45. Ba5) 44... Rc8 45. Rxa6 $2 {[%emt 0:00:18] [#]} (45. Kg3 $17) 45... Rb8 $1 $19 {[%emt 0:00:03] Threatens to win with ...b4.} 46. Re6 $2 (46. Bd2) 46... Kf7 47. Bc3 b4 48. Bb2 Rc8 {[%emt 0:00:15] Prevents Rc6. And now ...Rc2 would win.} 49. Rb6 (49. Kg4 $142) 49... Rc2 50. Ba1 Ra2 51. Bxe5 fxe5 52. Rxh6 {[%emt 0:00:05] KRB-KR} g4+ (52... b3 $142 {White must now prevent ...Ra4.} 53. Rh7+ Kf6 54. Rh6+ Kg7 55. Rg6+ Kh7) 53. Kxg4 $2 (53. fxg4 Ra3+ 54. Kg2) 53... Bf6 54. Rh7+ {[%emt 0:00:15] [#]} Bg7 $1 {[%emt 0:00:30] Black mates.} 55. h6 Rg2+ 56. Kh3 Kg8 57. Rh8+ Kxh8 58. Kxg2 Bxh6 59. Kf1 b3 {[%emt 0:00:05][%mdl 32768] Weighted Error Value: White=0.68/Black=0.26 (precise) . Loss on time!?} 1-0